 Dungeon Crawl Stone Soup version 0.29.0-4-gdea44cf6ec (webtiles) character file.

Game seed: 17940364199620183271

86 qw the Sneak (level 4, 0/28 HPs)
             Began as a Gargoyle Delver on Sept 10, 2022.
             Slain by an orc wizard
             ... wielding a +3 dagger
              (2 damage)
             ... on level 5 of the Dungeon.
             The game lasted 00:00:09 (368 turns).

qw the Sneak (Gargoyle Delver)                       Turns: 368, Time: 00:00:10

Health: 0/28       AC:  6    Str: 17    XL:     4   Next: 49%
Magic:  4/4        EV: 11    Int: 11    God:
Gold:   28         SH:  0    Dex: 11    Spells: 3/3 levels left

rFire   . . .      SeeInvis .   a - +0 hand axe
rCold   . . .      Faith    .   (no shield)
rNeg    + . .      Spirit   .   b - +0 leather armour
rPois   inf        Reflect  .   (no helmet)
rElec   +          Harm     .   (no cloak)
rCorr   .          Rampage  .   (no gloves)
Will    .....                   (no boots)
Stlth   +++.......              (no amulet)
HPRegen 0.09/turn               (no ring)
MPRegen 0.09/turn               (no ring)

@: no status effects
A: sickness immunity, AC +3, negative energy resistance 1, electricity
resistance, torment resistance 1, petrification resistance
a: no special abilities


You were on level 5 of the Dungeon.
You visited 1 branch of the dungeon, and saw 1 of its levels.

You collected 28 gold pieces.


Innate Abilities, Weirdness & Mutations

You are immune to sickness and miasma.
Your stone body is resilient. (AC +3)
You are immune to poison.
You resist negative energy. (rN+)
You are resistant to electric shocks. (rElec)
You are resistant to unholy torment.
You are immune to petrification.


   Skills:
 - Level 3.2 Fighting
 + Level 4.2 Axes
 - Level 1.5 Dodging
 - Level 5.4 Stealth


You had 3 spell levels left.
You didn't know any spells.
Your spell library was empty.

Inventory:

Hand Weapons
 a - a +0 hand axe (weapon)
Armour
 b - a +0 leather armour (worn)
 h - a +0 helmet
Wands
 g - a wand of digging (3)
Scrolls
 c - a scroll of fog
 d - a scroll of magic mapping
 e - a scroll of fear
Potions
 f - a potion of haste

Dungeon Overview and Level Annotations

Branches:
Dungeon (5/15)
 Temple: D:4-7

Altars:


Message History

You hit something. Something hits you but does no damage.
You hit something. Something hits you.
You closely miss something.
You hear some strange, mumbled words.
A magic dart appears from out of thin air!
The magic dart hits you.
You miss something. Something hits you.
You closely miss something. Something hits you.
You miss something.
You hear some strange, mumbled words.
You are confused.
You're too confused to attack without stumbling around!
There is a strange disturbance nearby!
Something hits you but does no damage.
You're too confused to attack without stumbling around!
There is a strange disturbance nearby!
Something hits you but does no damage.
You're too confused to attack without stumbling around!
There is a strange disturbance nearby!
Something hits you but does no damage.
You're too confused to attack without stumbling around!
There is a strange disturbance nearby!
Something hits you.
You're too confused to attack without stumbling around!
There is a strange disturbance nearby!
Something hits you but does no damage.
You're too confused to attack without stumbling around!
There is a strange disturbance nearby!
Something hits you.
You're too confused to attack without stumbling around!
There is a strange disturbance nearby!
You feel less confused. Something hits you.
You hit something. Something hits you.
You die...

... #....##. #.# ..# #
#....#.. ... ... ..
#....#.. #.# #.#
...#....#.. #.#.#.# #
.......#.. #.#.#.##.#
#....#.. # #.#......#
#.......
.#+#.##.###{#####.#####.#..
..........@.......# #.#..
.....##.###.####### #.#..
... #.# #.# #.#.. . #.# #..
#.#.. #.# #### #.#.. #.#
#.#.. #.# ## ## .# #.##.#..
#.#.. ... ..#.##.#.. #
#.#.#####..#.#.##.###


There were no monsters in sight!

Vanquished Creatures
  A scorpion (D:5)
  A hound (D:5)
  2 orcs (D:5)
4 creatures vanquished.

Notes
Turn   | Place    | Note
-------+----------+-------------------------------------------
     0 | D:5      | qw the Gargoyle Delver began the quest for the Orb.
     0 | D:5      | Reached XP level 1. HP: 14/14 MP: 1/1
     0 | D:5      | 0 ||| qw: Version: 0.1-a-116-g5d60599
     0 | D:5      | 0 ||| qw: Game counter: 8051
     0 | D:5      | 0 ||| qw: Always use a shield: true
     0 | D:5      | 0 ||| qw: God list: Okawaru
     0 | D:5      | 0 ||| qw: Allow faded altars: false
     0 | D:5      | 0 ||| qw: Do Orc after D:15 true
     0 | D:5      | 0 ||| qw: Do second Lair branch before Depths: true
     0 | D:5      | 0 ||| qw: Lair rune preference: random
     0 | D:5      | 0 ||| qw: Plans: Normal
     0 | D:5      | 0 ||| PLANNING D:1-11
   162 | D:5      | Noticed a hound
   170 | D:5      | Killed a hound
   171 | D:5      | Reached skill level 3 in Axes
   171 | D:5      | Reached XP level 2. HP: 19/19 MP: 2/2
   171 | D:5      | Reached XP level 3. HP: 23/23 MP: 3/3
   175 | D:5      | Noticed a scorpion
   190 | D:5      | Killed a scorpion
   191 | D:5      | Reached XP level 4. HP: 19/28 MP: 4/4
   338 | D:5      | 338 ||| Stepping ~*~*~tactically~*~*~ (hiding).
   339 | D:5      | 339 ||| Stepping ~*~*~tactically~*~*~ (hiding).
   366 | D:5      | HP: 7/28 [something (3)]
   367 | D:5      | HP: 2/28 [something (5)]
   368 | D:5      | Slain by an orc wizard

Levels and vault maps discovered:
D:5:      layout_basic, uniq_edmund, uniq_sigmund, uniq_prince_ribbit1

Skill      XL: |  1  2  3 |
---------------+----------+-----
Axes           | 3 4 |  4.2
Fighting       | |  3.2
Dodging        | |  1.5
Stealth        | |  5.4

Action                   |  1- 3 |  4- 6 || total
-------------------------+-------+-------++-------
Melee: Hand axe          |    19 |    18 ||    37
Armor: Leather armour    |     6 |     7 ||    13
Dodge: Dodged            |    12 |     6 ||    18

Table legend:
 A = Non-vault XP
 B = Vault XP
 C = Vault XP percentage of total XP
 D = Non-vault monster count
 E = Vault monster count
 F = Vault count percentage of total count
                 A         B        C        D         E       F
            +---------+---------+-------+---------+---------+-------
      Total |     123 |       0 |   0.0 |       4 |       0 |   0.0
            +---------+---------+-------+---------+---------+-------
        D:5 |     123 |       0 |   0.0 |       4 |       0 |   0.0
            +---------+---------+-------+---------+---------+-------
